 Dungeon Crawl Stone Soup version 0.31.0-32-g396128a36d (webtiles) character file.

Game seed: 14267929731344339479

69 Seamuus the Covered (level 4, -2/29 HPs)
             Began as a Gargoyle Fighter on Mar 26, 2024.
             Slain by a river rat (5 damage)
             ... on level 3 of the Dungeon.
             The game lasted 00:15:28 (2143 turns).

Seamuus the Covered (Gargoyle Fighter)              Turns: 2143, Time: 00:15:28

Health: -2/29      AC: 10    Str: 19    XL:     4   Next: 20%
Magic:  4/4        EV:  9    Int:  9    God:
Gold:   62         SH:  4    Dex: 11    Spells: 3/3 levels left

rFire   . . .        a - +0 flail
rCold   . . .        c - +0 buckler
rNeg    + . .        b - +0 scale mail
rPois   ∞            (no helmet)
rElec   +            (no cloak)
rCorr   .            (no gloves)
SInv    .            (no boots)
Will    .....        (no amulet) Stlth
                     (no ring)
HPRegen 0.24/turn    (no ring)
MPRegen 0.09/turn

%: no passive effects
@: no status effects
A: sickness immunity, AC +3, negative energy resistance 1, electricity
resistance, torment resistance 1, petrification resistance
a: no special abilities


You were on level 3 of the Dungeon.
You visited 1 branch of the dungeon, and saw 3 of its levels.

You collected 62 gold pieces.

Inventory:

Hand Weapons
 a - a +0 flail (weapon)
Armour
 b - a +0 scale mail (worn)
 c - a +0 buckler (worn)
Talismans
 f - a flux talisman
Scrolls
 e - 2 scrolls of amnesia {unknown}
 g - a scroll of torment {unknown}
 h - 3 scrolls of teleportation
 i - 2 scrolls of identify {unknown}
 j - a scroll of silence {unknown}
 n - a scroll of vulnerability {unknown}
Potions
 d - 2 potions of might
 k - a potion of degeneration {unknown}
 l - a potion of curing {unknown}
 m - a potion of mutation {unknown}


   Skills:
 + Level 3.8 Fighting
 + Level 2.8 Maces & Flails
 + Level 4.1 Armour
 + Level 0.3 Dodging
 + Level 3.6 Shields


You had 3 spell levels left.
You didn't know any spells.
Your spell library was empty.

Dungeon Overview and Level Annotations

Branches:
Dungeon (3/15)

Altars:

Shops:
D:1 *

Portals:
Sewer: D:3


Innate Abilities, Weirdness & Mutations

You are immune to sickness and miasma.
Your stone body is resilient. (AC +3)
You are immune to poison.
You resist negative energy. (rN+)
You are resistant to electric shocks. (rElec)
You are resistant to unholy torment.
You are immune to petrification.


Message History

You hit the river rat but do no damage. The river rat bites you.
* * * LOW HITPOINT WARNING * * *
The river rat barely misses you.
You barely miss the river rat. The river rat closely misses you.
You hit the river rat.
The river rat is heavily wounded.
The river rat completely misses you.
You barely miss the river rat.
The river rat is heavily wounded.
The river rat barely misses you.
The river rat bites you but does no damage.
You barely miss the river rat.
The river rat is heavily wounded.
The river rat bites you.
* * * LOW HITPOINT WARNING * * *
You closely miss the river rat.
The river rat is heavily wounded.
The river rat bites you but does no damage.
You hit the river rat.
The river rat is heavily wounded.
The river rat bites you but does no damage.
You hit the river rat.
The river rat is severely wounded.
The river rat bites you but does no damage.
You block the river rat's attack.
You hit the river rat but do no damage.
The river rat is severely wounded.
The river rat closely misses you.
You hit the river rat.
The river rat is almost dead.
The river rat barely misses you.
You barely miss the river rat.
The river rat is almost dead.
The river rat bites you but does no damage.
The river rat bites you.
* * * LOW HITPOINT WARNING * * *
You barely miss the river rat.
The river rat is almost dead.
The river rat bites you.
You die...

.. ... #.# ... .. ...
##.##.# ...#.# #.#.#
### #
#...#########<#.###..
#...rrrBrr@..........
#.#.r########.#.###.#
# #..# #<#.# # #.r#
#.# # #.###.#..####
#.# ......#r....# #.#
........r##...# #.#
#.#####.#####.# #.#
......r.........


You could see 3 river rats, a giant cockroach and 3 rats.

Vanquished Creatures
  3 adders (D:2)
  A dart slug (D:2)
  2 ribbon worms (D:2)
  5 endoplasms
  3 giant cockroaches
  6 goblins
  3 hobgoblins (D:2)
  3 quokkas
  A ball python (D:3)
  2 bats
  A frilled lizard (D:2)
  2 kobolds (D:2)
  2 rats (D:2)
34 creatures vanquished.

Notes
Turn   | Place    | Note
-------+----------+-------------------------------------------
     0 | D:1      | Seamuus the Gargoyle Fighter began the quest for the Orb.
     0 | D:1      | Reached XP level 1. HP: 14/14 MP: 1/1
   330 | D:1      | Found Jigudic's Assorted Antiques.
   795 | D:1      | Reached XP level 2. HP: 15/19 MP: 2/2
  1214 | D:2      | Reached XP level 3. HP: 8/24 MP: 3/3
  1407 | D:2      | Reached skill level 4 in Armour
  1764 | D:2      | Reached XP level 4. HP: 10/29 MP: 4/4
  2103 | D:3      | Found a glowing drain.
  2143 | D:3      | Slain by a river rat

Illustrated notes

Levels and vault maps discovered:
D:1:      ncdulo_smallfort, layout_loops_corners, serial_shops,
          nicolae_shop_dealshenge, serial_park_tiny_1, nicolae_eternal_life,
          nicolae_hexahallways
D:2:      layout_loops_ring
D:3:      layout_basic, portal_sewer_entry_b,
          hellmonk_ecumenical_altar_watching_god, minmay_misc_feat_encased,
          minmay_misc_feat_hallway

Skill      XL: |  1  2  3 |
---------------+----------+-----
Armour         | 4 |  4.1
Fighting       | |  3.8
Maces & Flails | |  2.8
Dodging        | |  0.3
Shields        | |  3.6

Action                     |  1- 3 |  4- 6 || total
---------------------------+-------+-------++-------
  Melee: Flail             |   129 |    36 ||   165
    Use: Scroll            |       |     1 ||     1
 Armour: Scale mail        |   148 |    31 ||   179
  Dodge: Dodged            |    97 |    20 ||   117
  Block: Buckler           |    37 |     9 ||    46
